 Dungeon Crawl Stone Soup version 0.27-a0-660-g90476cec82 (webtiles) character file.

Game seed: 15053614086246998111

55 robertstho the Skirmisher (level 4, -8/37 HPs)
             Began as a Formicid Abyssal Knight on Mar 16, 2021.
             Was a Believer of Lugonu.
             Mangled by an orc
             ... wielding a +0 morningstar
              (13 damage)
             ... on level 3 of the Dungeon.
             The game lasted 00:02:15 (1743 turns).

robertstho the Skirmisher (Formicid Abyssal Knight) Turns: 1743, Time: 00:02:15

Health: -8/37      AC:  3    Str: 23    XL:     4   Next: 14%
Magic:  6/6        EV: 10    Int: 12    God:    Lugonu [**....]
Gold:   88         SH:  3    Dex: 10    Spells: 3/3 levels left

rFire    . . .     SeeInvis +   a - +1 hand axe
rCold    + . .     Faith    .   n - +0 buckler
rNeg     . . .     Spirit   .   b - +0 leather armour
rPois    .         Reflect  .   (helmet unavailable)
rElec    .         Harm     .   (no cloak)
rCorr    .         Rampage  .   (no gloves)
Will     .....                  (no boots)
Stlth    +.........             (no amulet)
HPRegen  0.12/turn              l - +6 ring of strength
MPRegen  0.10/turn              i - ring of protection from cold

@: mighty
A: permanent stasis, dig shafts and tunnels, antennae 3, four strong arms
a: Dig, Shaft Self, Renounce Religion, Depart the Abyss, Bend Space


You were on level 3 of the Dungeon.
You worshipped Lugonu.
Lugonu was pleased with you.
You visited 1 branch of the dungeon, and saw 3 of its levels.
You visited the Abyss 1 time.

You collected 88 gold pieces.

Inventory:

Hand Weapons
 a - a +1 hand axe (weapon)
Armour
 b - a +0 leather armour (worn)
 n - a +0 buckler (worn)
Jewellery
 i - a ring of protection from cold (left hand)
 l - a +6 ring of strength (right hand)
Scrolls
 f - a scroll of enchant armour {unknown}
 g - 3 scrolls of teleportation {unknown}
Potions
 c - a potion of ambrosia
 e - a potion of cancellation
 j - a potion of magic


   Skills:
 * Level 4.1 Fighting
 + Level 2.4 Axes
 * Level 2.3 Armour
 + Level 1.2 Dodging
 * Level 3.1 Invocations


You had 3 spell levels left.
You didn't know any spells.
Your spell library was empty.

Dungeon Overview and Level Annotations

Branches:
Dungeon (3/15)

Altars:
Hepliaklqana


Innate Abilities, Weirdness & Mutations

You cannot be hasted, slowed, berserked, paralysed or teleported.
You can dig through walls and to a lower floor.
You have a pair of large antennae on your head. (SInv)
Your four strong arms can wield two-handed weapons with a shield.


Message History

You slash the quokka!
You kill the quokka!
Lugonu accepts your kill.
An orc comes into view. It is wielding a +0 club.
The orc shouts!
An orc comes into view. It is wielding a +0 morningstar.
The orc wizard gestures at you while chanting.
The puff of flame hits you!
An adder comes into view.
The adder hisses angrily.
The orc wizard hits you with a +0 dagger.
Found a stone staircase leading down.
You hit the orc wizard.
The orc wizard is lightly wounded.
You closely miss the orc.
The orc hits you from afar with a +0 trident.
The orc wizard closely misses you.
You hit the orc wizard.
The orc wizard is heavily wounded.
You hit the orc.
The orc hits you from afar with a +0 trident!
* * * LOW HITPOINT WARNING * * *
The orc hits you with a +0 club.
* * * LOW HITPOINT WARNING * * *
Okay, then.
You feel better. The orc closely misses you. The orc hits you with a +0 club.
The orc misses you.
You feel very mighty all of a sudden. The adder barely misses you.
The orc closely misses you. The orc barely misses you.
The orc hits you with a +0 club.
* * * LOW HITPOINT WARNING * * *
You block the orc's attack.
The orc wizard hits you with a +0 dagger.
* * * LOW HITPOINT WARNING * * *
The orc hits you with a +0 morningstar.
* * * LOW HITPOINT WARNING * * *
The orc misses you. The orc wizard completely misses you.
The adder bites you but does no damage. The orc hits you with a +0 morningstar!
You die...

#########
#..@....#
#oo.....#
#.oSo...#
#..o....#
#...!...#
>........#
.##.......#
..
#.#..##.# .
#....# .#


You could see an orc wizard, an adder and 4 orcs.

Vanquished Creatures
  An adder (D:2)
  A leopard gecko (D:1)
  A ball python (D:1)
  2 giant cockroaches
  5 goblins
  6 hobgoblins
  6 jackals (D:1)
  3 kobolds
  A quokka (D:3)
  6 bats
  4 frilled lizards
  3 rats
39 creatures vanquished.

Notes
Turn   | Place    | Note
-------+----------+-------------------------------------------
     0 | Abyss:1  | robertstho the Formicid Abyssal Knight began the quest for
                  | the Orb.
     0 | Abyss:1  | Reached XP level 1. HP: 18/18 MP: 2/2
   148 | Abyss:1  | Noticed a yak
   170 | Abyss:1  | Noticed a smoke demon
   174 | Abyss:1  | Noticed a black bear
   174 | Abyss:1  | Noticed a starcursed mass
   176 | D:1      | Escaped the Abyss
   219 | D:1      | Reached * piety under Lugonu
   232 | D:1      | Reached skill level 1 in Dodging
   232 | D:1      | Reached XP level 2. HP: 18/24 MP: 3/3
   654 | D:1      | Reached XP level 3. HP: 30/30 MP: 4/4
   662 | D:1      | Reached skill level 4 in Fighting
  1124 | D:2      | Found a hazy altar of Hepliaklqana.
  1457 | D:2      | Reached XP level 4. HP: 28/37 MP: 6/6
  1598 | D:2      | Reached ** piety under Lugonu
  1743 | D:3      | Mangled by an orc

Illustrated notes

Levels and vault maps discovered:
D:1:      scummos_arrival_star, layout_rooms
D:2:      layout_basic, nicolae_overflow_hidden_temple
D:3:      layout_loops_cross, nicolae_uskayaw_dance_hall

Skill      XL: |  1  2  3 |
---------------+----------+-----
Dodging        | 1 |  1.2
Fighting       | 4 |  4.1
Invocations    | 3 |  3.1
Axes           | |  2.4
Armour         | |  2.3

Action                   |  1- 3 |  4- 6 || total
-------------------------+-------+-------++-------
Melee: Hand axe          |   106 |     9 ||   115
Invok: Depart the Abyss  |     1 |       ||     1
  Use: Scroll            |       |     6 ||     6
       Potion            |       |     2 ||     2
Armor: Leather armour    |    34 |     1 ||    35
Dodge: Dodged            |    99 |    11 ||   110
Block: Buckler           |       |     1 ||     1

Table legend: (Time is in decaauts)
 A = Elapsed time spent in this place.
 B = Non-inter-level travel time spent in this place.
 C = Inter-level travel time spent in this place.
 D = Time resting spent in this place.
 E = Time spent auto-exploring this place.
 F = Levels seen in this place.
 G = Mean time per level.
                   A        B        C        D        E       F      G
               +--------+--------+--------+--------+--------+-----+--------+
         Total |   1764 |   1717 |     47 |      0 |   1410 |   4 |  441.0 |
       Dungeon |   1587 |   1540 |     47 |      0 |   1267 |   3 |  529.0 |
         Abyss |    176 |    176 |      0 |      0 |    143 |   1 |  176.0 |
               +--------+--------+--------+--------+--------+-----+--------+

Top non-repeatable levels by time:
     D:1: 932 daAuts
     D:2: 645 daAuts
 Abyss:1: 176 daAuts
     D:3: 9 daAuts
